 Dungeon Crawl Stone Soup version 0.30-a0-1157-g2cc9ac7196 (webtiles) character file.

Game seed: 17947277405561153116

924 iamoutofideas the Cleaver (level 8, -5/61 (67) HPs)
             Began as a Hill Orc Monk on Apr 24, 2023.
             Slain by a wight
             ... wielding a +2 scimitar
              (14 damage)
             ... on level 6 of the Dungeon.
             The game lasted 00:04:54 (4135 turns).

iamoutofideas the Cleaver (Hill Orc Monk)           Turns: 4135, Time: 00:04:54

HP:   -5/61 (67)    AC:  6    Str: 16    XL:     8   Next: 10%
MP:   8/8           EV: 11    Int: 12    God:
Gold: 266           SH:  0    Dex: 13    Spells: 7/7 levels left

rFire   . . .        a - +0 hand axe
rCold   . . .        d - orb {light}
rNeg    + . .        j - +0 ring mail
rPois   +            b - +0 helmet
rElec   .            (no cloak)
rCorr   +            (no gloves)
SInv    .            (no boots)
Will    .....        (no amulet)
Stlth   +            e - ring of poison resistance
HPRegen 0.30/turn    z - ring "Rutos" {rN+ rCorr Int+2}
MPRegen 0.11/turn

%: no passive effects
@: glowing, drained
A: no striking features
a: no special abilities


You were on level 6 of the Dungeon.
You visited 1 branch of the dungeon, and saw 6 of its levels.

You collected 266 gold pieces.

Inventory:

Hand Weapons
 a - a +0 hand axe (weapon)
 r - the +6 hand axe of Pusegh {heavy, Will+ Str-3 SInv}
   (You found it on level 4 of the Dungeon)

   Str:       It affects your strength (-3).
   SInv:      It lets you see invisible.
   Will:      It increases your willpower.
 A - a +0 war axe
Armour
 b - a +0 helmet (worn)
 d - an orb of light (worn)
 j - a +0 ring mail (worn)
 o - a +0 leather armour of fire resistance
 q - a +0 plate armour
Jewellery
 e - a ring of poison resistance (left hand)
 p - a ring of magical power
 z - the ring "Rutos" (right hand) {rN+ rCorr Int+2}
   (You found it on level 5 of the Dungeon)

   [ring of positive energy]

   Int:       It affects your intelligence (+2).
   rN:        It protects you from negative energy.
   rCorr:     It protects you from acid and corrosion.
 B - an amulet of magic regeneration
Wands
 l - a wand of roots (9)
 w - a wand of paralysis (2)
Scrolls
 g - 2 scrolls of teleportation
 h - 2 scrolls of poison {unknown}
 k - 2 scrolls of magic mapping
 n - 5 scrolls of identify
 s - a scroll of torment {unknown}
 v - a scroll of noise {unknown}
 y - a scroll of fear {unknown}
 C - a scroll of acquirement {unknown}
 E - a scroll of brand weapon {unknown}
 F - a scroll of fog {unknown}
Potions
 c - 2 potions of ambrosia
 f - a potion of might
 i - a potion of curing
 m - a potion of flight {unknown}
 t - a potion of berserk rage {unknown}
 u - 2 potions of degeneration {unknown}
 x - a potion of magic {unknown}
 D - 2 potions of resistance {unknown}


   Skills:
 + Level 4.8 Fighting
 * Level 10.7 Axes
 + Level 3.0 Armour
 + Level 3.1 Dodging
 + Level 0.2 Stealth


You had 7 spell levels left.
You didn't know any spells.
Your spell library contained the following spells:

 Spells                   Type           Power      Damage    Failure   Level
 Magic Dart               Conj           0%         1d3       52%         1
 Call Imp                 Summ           0%         N/A       67%         2
 Inner Flame              Hex/Fire       0%         N/A       88%         3
 Mephitic Cloud           Conj/Pois/Air  0%         N/A       88%         3
 Stone Arrow              Conj/Erth      0%         3d7       88%         3
 Animate Armour           Summ/Erth      0%         N/A       99%         4
 Yara's Violent Unravell  Hex/Tmut       0%         3d3       100%        5
 Enfeeble                 Hex            0%         N/A       100%        7
 Lehudib's Crystal Spear  Conj/Erth      0%         10d2      100%        8


Dungeon Overview and Level Annotations

Branches:
Dungeon (6/15)
 Temple: D:4-7

Altars:
Ashenzari
Fedhas
Hepliaklqana
Kikubaaqudgha
Nemelex Xobeh
Sif Muna
Vehumet

Shops:
D:1 :


Message History

There are monsters nearby!
You hit the wight but do no damage. You barely miss the wight.
You hit the wight but do no damage. The wight barely misses you.
You hit the wight.
The wight is moderately damaged.
You hit the wight. The wight barely misses you.
The wight closely misses you. x2
The wight hits you with a +2 scimitar! You partially resist.
You feel drained. The wight attacks as you move away!
The wight barely misses you. The wight attacks as you move away!
The wight misses you. The wight attacks as you move away!
The wight hits you with a +0 falchion.
You hit the wight.
The wight is heavily damaged.
The wight hits you with a +0 falchion!
You hit the wight but do no damage.
The wight is heavily damaged.
You hit the wight but do no damage.
The wight is heavily damaged.
The wight misses you. The wight hits you but does no damage.
The wight attacks as you move away! The wight hits you but does no damage.
The wight attacks as you move away! The wight hits you with a +0 falchion.
You partially resist.
You feel drained. The wight attacks as you move away!
The wight hits you with a +0 falchion. You partially resist.
You feel drained. The wight attacks as you move away!
The wight closely misses you. The wight attacks as you move away!
The wight barely misses you. The wight attacks as you move away!
The wight hits you with a +0 falchion! You partially resist.
You feel drained. The wight attacks as you move away!
The wight hits you with a +0 falchion. The wight attacks as you move away!
The wight hits you with a +0 falchion. The wight attacks as you move away!
The wight hits you with a +0 falchion!
* * * LOW HITPOINT WARNING * * *
You partially resist.
You feel drained.
You feel better. The wight hits you with a +0 falchion.
The wight attacks as you move away! The wight hits you with a +0 falchion!
* * * LOW HITPOINT WARNING * * *
The wight attacks as you move away! The wight hits you with a +2 scimitar.
* * * LOW HITPOINT WARNING * * *
The wight attacks as you move away! The wight hits you with a +2 scimitar!
You die...

...#............##.#.##.#
##.#.####.#####.##...##.####
##.#.# #.#...#.##.#.......#
.....# #.#........#.......#
##.### #.#..[..............
##.## #.##.......#.##.##.#
....#########...........##.#
###.#8##8##8#..z..##.......#
#...........zz@###.#####<#
###
###8##8##8###.####....)..#
#.# ###########.##.....#####
#.# #....##.....# #.#
#>#####.....# #.# #.#
#.....# #.# #.# #.....#
###.# #.# ####### #...# #.#
#.###


You could see 3 wights.

Vanquished Creatures
  Grinder (D:3)
  An ice beast (D:5)
  An ogre (D:4)
  A bullfrog (D:6)
  2 scorpions
  2 hounds (D:6)
  2 iguanas (D:5)
  2 sleepcaps (D:5)
  Robin (D:3)
  6 adders
  3 white imps
  A dart slug (D:1)
  8 orcs
  7 endoplasms
  3 giant cockroaches
  20 goblins
  7 hobgoblins
  2 jackals (D:3)
  6 quokkas
  16 ball pythons
  13 bats
  2 frilled lizards
  6 kobolds
  8 rats
121 creatures vanquished.

Vanquished Creatures (others)
  10 fungi (D:4)
10 creatures vanquished.

Grand Total: 131 creatures vanquished

Notes
Turn   | Place    | Note
-------+----------+-------------------------------------------
     0 | D:1      | iamoutofideas the Hill Orc Monk began the quest for the
                  | Orb.
     0 | D:1      | Reached XP level 1. HP: 19/19 MP: 1/1
   122 | D:1      | Reached XP level 2. HP: 27/27 MP: 2/2
   203 | D:1      | Reached skill level 5 in Axes
   267 | D:1      | Found Ehaujade's Book Boutique.
   320 | D:1      | Reached XP level 3. HP: 33/33 MP: 3/3
   697 | D:2      | Reached skill level 6 in Axes
   834 | D:2      | Reached XP level 4. HP: 40/40 MP: 4/4
   960 | D:3      | Noticed Grinder
   963 | D:3      | Paralysed by Grinder for 2 turns
  1143 | D:3      | Found a sparkling altar of Nemelex Xobeh.
  1172 | D:3      | Found a blossoming altar of Fedhas.
  1227 | D:3      | Found an ancient bone altar of Kikubaaqudgha.
  1300 | D:3      | Paralysed by Grinder for 2 turns
  1311 | D:3      | Paralysed by Grinder for 4 turns
  1321 | D:3      | Paralysed by Grinder for 3 turns
  1324 | D:3      | Killed Grinder
  1325 | D:3      | Reached skill level 7 in Axes
  1325 | D:3      | Reached skill level 8 in Axes
  1325 | D:3      | Reached XP level 5. HP: 22/46 MP: 5/5
  1325 | D:3      | Reached XP level 6. HP: 25/52 MP: 6/6
  1394 | D:3      | Noticed Robin
  1410 | D:3      | Killed Robin
  1486 | D:3      | Reached skill level 1 in Armour
  1994 | D:4      | Reached skill level 9 in Axes
  2000 | D:4      | Identified the +6 hand axe of Pusegh {heavy, Will+ Str-3
                  | SInv}
  2072 | D:4      | Reached XP level 7. HP: 55/59 MP: 7/7
  2237 | D:4      | Found a broken altar of Ashenzari.
  2334 | D:4      | Found a hazy altar of Hepliaklqana.
  2399 | D:4      | Found a radiant altar of Vehumet.
  2783 | D:5      | Entered Level 5 of the Dungeon
  3111 | D:5      | Reached skill level 10 in Axes
  3371 | D:5      | Identified the ring "Rutos" {rN+ rCorr Int+2}
  3624 | D:5      | Found a shimmering blue altar of Sif Muna.
  4005 | D:6      | Reached XP level 8. HP: 57/67 MP: 8/8
  4135 | D:6      | Slain by a wight

Illustrated notes

Levels and vault maps discovered:
D:1:      dpeg_arrival_line_fractal, layout_rooms, serial_shops,
          nicolae_lakefront_shop, nrook_mini_backslash
D:2:      layout_rooms
D:3:      minmay_general_purpose_star, layout_basic,
          mainiacjoe_overflow_tiny_flanked, nemelex_dance_club_becter,
          mainiacjoe_overflow_boulevard, minmay_fractal_squares_gapless_5,
          uniq_robin, uniq_grinder
D:4:      cheibrodos_greedy_goblins, layout_basic, vehumet_crystals,
          mainiacjoe_overflow_cross_hatched, mainiacjoe_overflow_catwalk
D:5:      layout_cave_pools, nicolae_sif_muna_little_library,
          chequers_serial_rivers_marsh, minmay_misc_feat_room
D:6:      layout_loops_cross, amcnicky_altar_gilded,
          minmay_temple_entry_nine_rooms, amcnicky_mini_corridor_feature,
          hex_large, nicolae_shop_vocational, uniq_crazy_yiuf_cottage

Skill      XL: |  1  2  3  4  5  6  7  8 |
---------------+-------------------------+-----
Axes           | 5 6 8 9 10 | 10.7
Fighting       | 4 |  4.8
Armour         | 1 2 3 |  3.0
Dodging        | 3 |  3.1
Stealth        | |  0.2

Action                     |  1- 3 |  4- 6 |  7- 9 || total
---------------------------+-------+-------+-------++-------
  Melee: Hand axe          |    96 |   140 |   167 ||   403
    Use: Potion            |       |     3 |     1 ||     4
         Scroll            |       |     2 |       ||     2
 Armour: Robe              |    27 |       |       ||    27
         Ring mail         |     7 |    68 |    42 ||   117
  Dodge: Dodged            |    68 |    83 |    72 ||   223

Table legend: (Time is in decaauts)
 A = Elapsed time spent in this place.
 B = Non-inter-level travel time spent in this place.
 C = Inter-level travel time spent in this place.
 D = Time resting spent in this place.
 E = Time spent auto-exploring this place.
 F = Levels seen in this place.
 G = Mean time per level.
                   A        B        C        D        E       F      G
               +--------+--------+--------+--------+--------+-----+--------+
         Total |   4095 |   3957 |    138 |    365 |   2704 |   6 |  682.5 |
       Dungeon |   4095 |   3957 |    138 |    365 |   2704 |   6 |  682.5 |
               +--------+--------+--------+--------+--------+-----+--------+

Top non-repeatable levels by time:
     D:3: 1009 daAuts
     D:5: 983 daAuts
     D:4: 793 daAuts
     D:1: 608 daAuts
     D:2: 354 daAuts
     D:6: 345 daAuts
